 Dungeon Crawl Stone Soup version 0.19-a0-1886-gd64a0f0 (console) character file.

182 brucemayne the Cleaver (level 5, -1/45 HPs)
             Began as a Hill Orc Monk on Oct 15, 2016.
             Succumbed to Duvessa's poison
             ... on level 4 of the Dungeon.
             The game lasted 00:03:44 (1081 turns).

brucemayne the Cleaver (Hill Orc Monk)              Turns: 1081, Time: 00:03:44

Health: -1/45      AC:  7    Str: 17 (20) XL:     5   Next: 61%
Magic:  5/5        EV: 11    Int: 10      God:
Gold:   60         SH:  0    Dex: 12 (13) Spells: 0 memorised, 4 levels left

rFire  . . .     SeeInvis .     a - +1 hand axe
rCold  . . .     Gourm    .     f - +1 ring mail
rNeg   . . .     Faith    .     (no shield)
rPois  .         Spirit   .     (no helmet)
rElec  .         Dismiss  .     (no cloak)
rCorr  .         Reflect  .     k - +0 pair of gloves
MR     .....     Harm     .     (no boots)
Stlth  +.........               (no amulet)
                                (no ring)
                                (no ring)

@: mighty, lethally poisoned (-1 -> -53)
A: no striking features
a: no special abilities


You were on level 4 of the Dungeon.
You were not hungry.

You visited 1 branch of the dungeon, and saw 5 of its levels.

You collected 60 gold pieces.

Inventory:

Hand Weapons
 a - a +1 hand axe (weapon)
Armour
 b - a +0 robe
 f - a +1 ring mail (worn)
 h - +0 mottled dragon scales
 j - a +0 plate armour
 k - a +0 pair of gloves (worn)
Potions
 d - a potion of degeneration
 l - a potion of might
 o - a potion of heal wounds {unknown}
Comestibles
 c - 2 bread rations
 r - 2 fruits


   Skills:
 - Level 3.6 Fighting
 + Level 8.1 Axes
 - Level 2.4 Dodging
 - Level 1.5 Stealth


You had 4 spell levels left.
You didn't know any spells.

Dungeon Overview and Level Annotations

Branches:
Dungeon (5/15)
 Temple: D:4-7

Altars:
Kikubaaqudgha
Yredelemnul

Annotations:
D:3 1 runed door
D:4 exclusion: downstairs, Duvessa


Message History

You are lethally poisoned!
You feel better. Duvessa barely misses you.
Unknown command.
You slash Duvessa!
Duvessa is almost dead.
Duvessa hits you but does no damage.
You are poisoned.
Duvessa hits you with a short sword of venom!
You are lethally poisoned!
Unknown command.
You barely miss Duvessa.
Duvessa is almost dead.
You feel sick.
Duvessa hits you with a short sword of venom!!
* * * LOW HITPOINT WARNING * * *
You are more poisoned.
Unknown command.
You slash Duvessa!
Duvessa is almost dead.
You die...

#.##.......#
.# .#.
#.......# .#
.. #.......#
.# #.......#
. ##e....##
###. +.....+
..#
####e....#
#)#
#.#......#
#@#
#........#
#e#
#e###+####
#.# #.# #.#
#.# #.###.#
#.....#
#######


You could see Duvessa (berserk).

Vanquished Creatures
  Dowan (D:4)
  2 hounds (D:4)
  2 worker ants (D:4)
  An adder (D:3)
  An ooze (D:4)
  A leopard gecko (D:3)
  An orc (D:4)
  A hobgoblin (D:2)
  A bat (D:2)
  3 frilled lizards
  A goblin (D:2)
  A jackal skeleton (D:3)
  2 kobolds
  2 rats (D:2)
20 creatures vanquished.

Notes
Turn   | Place    | Note
-------+----------+-------------------------------------------
     0 | D:1      | brucemayne the Hill Orc Monk began the quest for the Orb.
     0 | D:1      | Reached XP level 1. HP: 19/19 MP: 1/1
   368 | D:2      | Reached XP level 2. HP: 25/26 MP: 2/2
   370 | D:3      | Noticed a human
   377 | D:3      | Found a runed door.
   393 | D:3      | Reached skill level 5 in Axes
   612 | D:3      | Found a basalt altar of Yredelemnul.
   678 | D:4      | Reached skill level 6 in Axes
   678 | D:4      | Reached XP level 3. HP: 15/31 MP: 3/3
   707 | D:4      | Found an ancient bone altar of Kikubaaqudgha.
   724 | D:4      | Noticed an ogre
   733 | D:5      | Entered Level 5 of the Dungeon
   792 | D:4      | Reached XP level 4. HP: 27/39 MP: 4/4
   815 | D:5      | Noticed an ogre
   933 | D:4      | Reached skill level 7 in Axes
  1005 | D:4      | Reached XP level 5. HP: 26/45 MP: 5/5
  1029 | D:4      | Noticed Duvessa
  1067 | D:4      | Noticed Dowan
  1077 | D:4      | Killed Dowan
  1077 | D:4      | Reached skill level 8 in Axes
  1081 | D:4      | Succumbed to Duvessa's poison

Vault maps used:
D:1:      dpeg_arrival_ternary
D:3:      lemuel_upstairs_altar, portal_sewer_entry_c, nrook_loot_triangle,
          dk_yredelemnul_ordeal
D:4:      kennysheep_mini_moat, kennysheep_little_box, first_bread, st_stairs_3,
          uniq_duvessa, uniq_menkaure

Skill      XL: |  1  2  3  4  5 |
---------------+----------------+-----
Axes           | 6 7 8 |  8.1
Fighting       | |  3.6
Dodging        | |  2.4
Stealth        | |  1.5

Action                   |  1- 3 |  4- 6 || total
-------------------------+-------+-------++-------
Melee: Hand axe          |    82 |    41 ||   123
  Use: Potion            |       |     4 ||     4
       Scroll            |       |     5 ||     5
  Eat: Chunk             |       |     1 ||     1
Armor: Robe              |     3 |       ||     3
       Ring mail         |    17 |    20 ||    37
Dodge: Dodged            |    64 |    20 ||    84
